 Dungeon Crawl Stone Soup version 0.23.1 (webtiles) character file.

Game seed: 2581577337832074539

63 Kisielow the Cudgeler (level 3, -13/29 HPs)
             Began as a Demonspawn Abyssal Knight on Mar 15, 2019.
             Was a Believer of Lugonu.
             Mangled by an ogre
             ... wielding a cursed -2 giant club
              (20 damage)
             ... on level 2 of the Dungeon.
             The game lasted 00:04:08 (1415 turns).

Kisielow the Cudgeler (Demonspawn Abyssal Knight)   Turns: 1415, Time: 00:04:09

Health: -13/29     AC: 10    Str: 13    XL:     3   Next: 89%
Magic:  4/4        EV:  6    Int: 13    God:    Lugonu [**....]
Gold:   58         SH:  0    Dex: 12    Spells: 2/2 levels left

rFire    . . .     SeeInvis .   a - +1 mace
rCold    + . .     Gourm    .   (no shield)
rNeg     . . .     Faith    .   o - +0 chain mail
rPois    .         Spirit   .   (no helmet)
rElec    .         Reflect  .   (no cloak)
rCorr    .         Harm     .   (no gloves)
MR       .....                  (no boots)
Stlth    ..........             (no amulet)
HPRegen  0.09/turn              g - ring of flight
MPRegen  0.09/turn              m - ring of protection from cold

@: no status effects
A: talons 1, iridescent scales 1
a: Depart the Abyss, Bend Space, Renounce Religion, Evoke Flight


You were on level 2 of the Dungeon.
You worshipped Lugonu.
Lugonu was pleased with you.
You were not hungry.

You visited 1 branch of the dungeon, and saw 2 of its levels.
You visited the Abyss 1 time.

You collected 58 gold pieces.

Inventory:

Hand Weapons
 a - a +1 mace (weapon)
Armour
 o - a +0 chain mail (worn)
Jewellery
 g - a ring of flight (left hand)
 m - a ring of protection from cold (right hand)
Scrolls
 b - a scroll of noise {unknown}
 d - a scroll of teleportation {unknown}
 h - a scroll of immolation {unknown}
 i - a scroll of fog {unknown}
 k - 3 scrolls of identify {unknown}
 l - a scroll of remove curse {unknown}
 n - a scroll of enchant armour {unknown}
Potions
 e - a potion of brilliance {unknown}
 f - a potion of resistance {unknown}
Comestibles
 c - 6 rations
 j - 4 chunks of flesh


   Skills:
 - Level 3.0 Fighting
 + Level 3.9 Maces & Flails
 - Level 1.7 Armour
 - Level 0.8 Dodging
 - Level 2.4 Invocations


You had 2 spell levels left.
You didn't know any spells.
Your spell library was empty.

Dungeon Overview and Level Annotations

Branches:
Dungeon (2/15)

Altars:


Innate Abilities, Weirdness & Mutations

You have sharp toenails.
You are partially covered in iridescent scales. (AC +2)


Message History

You are too injured to fight recklessly!
You are too injured to fight recklessly!
You are too injured to fight recklessly!
You are too injured to fight recklessly!
You hit the ogre but do no damage. You hit the ogre. You claw the ogre.
The ogre is heavily wounded.
The ogre barely misses you.
Your chain mail prevents you from hitting the ogre.
You claw the ogre.
The ogre is heavily wounded.
The ogre hits you but does no damage.
You hit the ogre. You claw the ogre.
The ogre is severely wounded.
The ogre hits you but does no damage.
You hit the ogre. Your kick misses the ogre.
The ogre is almost dead.
The ogre hits you with a cursed -2 giant club!!
Ouch! That really hurt!
You die...

#.##.# ###.# #.##.# #.#
#.##.# #.# ########
#.##.# #.# #....... #.#
.# #.# #.###### #.# #.#
#.# #.# #.# #.###### ..#
#########.# #.##.... #
......O@..#######.##.###
#########............###
#.#######.#####[ #....#
#.#รท.... #..#.#
#.....>.
...#.######<####
........##......
#.##.##.##..####
.###.##.##.##..#


You could see an ogre.

Vanquished Creatures
  2 adders (D:2)
  A worm (D:2)
  A dart slug (D:2)
  2 leopard geckos
  8 bats
  2 giant cockroaches (D:2)
  5 goblins
  3 hobgoblins (D:1)
  3 jackals (D:1)
  6 kobolds
  A frilled lizard (D:2)
  3 rats (D:1)
37 creatures vanquished.

Notes
Turn   | Place    | Note
-------+----------+-------------------------------------------
     0 | Abyss:1  | Kisielow the Demonspawn Abyssal Knight began the quest for
                  | the Orb.
     0 | Abyss:1  | Reached XP level 1. HP: 18/18 MP: 2/2
    12 | D:1      | Escaped the Abyss
   353 | D:1      | Gained mutation: You are partially covered in iridescent
                  | scales. (AC +2) [demonic ancestry]
   353 | D:1      | Reached XP level 2. HP: 22/24 MP: 3/3
   892 | D:2      | Gained mutation: You have sharp toenails. [demonic
                  | ancestry]
   892 | D:2      | Reached XP level 3. HP: 26/29 MP: 4/4
   944 | D:2      | Reached ** piety under Lugonu
  1408 | D:2      | Noticed an ogre
  1415 | D:2      | Mangled by an ogre

Skill      XL: |  1  2 |
---------------+-------+-----
Maces & Flails | 2 3 |  3.9
Fighting       | |  3.0
Armour         | |  1.7
Dodging        | |  0.8
Invocations    | |  2.4

Action                   || total
-------------------------++-------
Melee: Mace              ||   111
       Kick              ||     9
  Eat: Chunk             ||     2
Armor: Leather armour    ||    20
       Chain mail        ||    52
Dodge: Dodged            ||    84
